Map: Lost and Found LE

Players

Serral - Winner!

  • Race: Zerg Zerg
  • League: Master
  • Spawn Location: 1:00

Bunny

  • Race: Terran Terran
  • League: Diamond
  • Spawn Location: 7:00

Event: HomeStory Cup XVIII

VOD

Have the link to the VOD?

Description

Time

  • Played on: Nov. 23, 2018, 9:55 a.m.
  • Length: 25:29

All games in this series

Show
View Real Time Build Order
Export as new Build Order

Serral Zerg - Winner!

Build Orders: Hatch First 

Get SALT Encoding   

  12  0:02  Drone  
  13  0:12  Overlord  
  13  0:17  Drone  
  14  0:30  Drone x2  
  16  0:47  Hatchery  
  15  0:51  Drone  
  15  0:54  Drone  
  17  0:57  Drone  
  18  1:08  Extractor  
  17  1:13  Spawning Pool  
  17  1:16  Drone  
  17  1:19  Drone  
  18  1:28  Drone  
  19  1:38  Drone  
  20  1:49  Drone  
  21  1:59  Queen  
  21  2:00  Queen, Zergling x4  
  27  2:12  Hatchery  
  26  2:17  Overlord  
  26  2:20  Drone  
  26  2:22  Drone  
  28  2:28  Metabolic Boost  
  28  2:35  Drone x2  
  30  2:37  Drone  
  31  2:49  Queen  
  31  2:50  Overlord  
  33  2:53  Drone x2  
  33  2:55  Drone  
  36  3:04  Overlord  
  36  3:08  Drone x2  
  36  3:09  Drone  
  36  3:10  Drone  
  40  3:16  Drone  
  41  3:24  Queen  
  41  3:25  Queen, Drone x2  
  47  3:28  Zergling x2  
  47  3:30  Zergling x2  
  49  3:35  Drone  
  49  3:37  Drone  
  49  3:40  Drone x3  
  54  3:43  Overlord  
  54  3:46  Zergling x2  
  54  3:48  Zergling x2  
  56  3:54  Zergling x2  
  57  3:59  Overlord  
  57  4:00  Zergling x2  
  57  4:02  Drone x3  
  61  4:04  Queen  
  61  4:06  Queen  
  65  4:16  Overlord  
  65  4:21  Zergling x2  
  65  4:25  Zergling x2  
  65  4:29  Overlord x2  
  65  4:30  Spore Crawler x2  
  63  4:31  Spore Crawler  
  63  4:35  Drone  
  63  4:36  Drone x2, Evolution Chamber x2  
  63  4:37  Zergling x4  
  65  4:38  Drone  
  65  4:39  Drone x2  
  65  4:42  Drone  
  65  4:45  Drone x2  
  71  4:46  Drone  
  71  4:48  Drone  
  71  4:49  Drone  
  74  4:58  Drone x4  
  78  5:04  Drone  
  78  5:05  Drone x2  
  81  5:10  Zerg Ground Armor Level 1, Zerg Melee Weapons Level 1  
  81  5:11  Drone x2  
  81  5:12  Drone  
  81  5:13  Drone x2  
  86  5:14  Drone  
  86  5:15  Drone  
  86  5:17  Drone  
  89  5:21  Extractor  
  89  5:22  Extractor, Lair  
  89  5:25  Overlord  
  87  5:32  Baneling Nest  
  87  5:33  Extractor x2  
  87  5:35  Drone x3  
  87  5:36  Drone x2  
  87  5:39  Overlord  
  89  5:46  Hatchery  
  89  5:49  Overlord  
  88  5:53  Drone x2  
  88  5:55  Overlord x3  
  88  5:56  Zergling x4  
  92  5:59  Zergling x2  
  92  6:00  Zergling x4  
  95  6:05  Zergling x8  
  98  6:15  Zergling x6  
  98  6:17  Overlord  
  101  6:20  Centrifical Hooks  
  101  6:23  Hydralisk Den  
  101  6:24  Baneling  
  101  6:25  Zergling x2, Baneling x8  
  100  6:26  Zergling x6  
  100  6:30  Drone x2  
  100  6:31  Zergling x6  
  100  6:32  Zergling x2  
  110  6:43  Drone  
  110  6:44  Drone x2  
  110  6:45  Drone  
  114  6:48  Drone  
  114  6:49  Drone x2  
  117  6:56  Zergling x16  
  117  7:01  Muscular Augments  
  116  7:08  Drone x5  
  116  7:09  Queen  
  116  7:13  Queen  
  125  7:16  Hydralisk x3  
  125  7:18  Hatchery  
  130  7:23  Zerg Melee Weapons Level 2, Zerg Ground Armor Level 2  
  130  7:29  Hydralisk x2  
  132  7:35  Baneling x2  
  134  7:37  Hydralisk  
  134  7:38  Zergling x16  
  134  7:43  Hatchery  
  139  7:56  Hydralisk x3  
  143  8:00  Zergling x16  
  143  8:03  Overlord x3, Baneling x8  
  151  8:08  Overlord  
  151  8:11  Overlord  
  151  8:12  Grooved Spines  
  144  8:16  Zergling x6  
  139  8:22  Zergling x2  
  139  8:26  Hydralisk x4  
  137  8:36  Hydralisk x3  
  137  8:38  Zergling x6  
  146  8:43  Hydralisk  
  148  8:51  Extractor  
  148  8:52  Infestation Pit  
  148  8:54  Drone x3  
  148  8:55  Drone, Hatchery  
  149  8:57  Queen  
  150  9:05  Hydralisk x4  
  150  9:06  Zergling x14  
  150  9:09  Overseer  
  163  9:11  Overseer  
  163  9:13  Drone  
  163  9:14  Extractor, Drone x4  
  167  9:18  Queen  
  167  9:20  Zergling x8  
  167  9:21  Baneling x4  
  173  9:26  Drone, Overlord x2, Spore Crawler x2  
  173  9:29  Zergling x4  
  173  9:44  Zergling x16  
  181  9:49  Hive  
  181  9:53  Drone  
  181  9:57  Overlord, Hydralisk  
  181  9:58  Zergling x12  
  190  10:00  Baneling x11  
  190  10:01  Pneumatized Carapace  
  190  10:03  Overseer x3  
  190  10:07  Spore Crawler  
  190  10:08  Spore Crawler x2  
  190  10:09  Drone x3, Spore Crawler x2  
  190  10:10  Drone x4, Spore Crawler  
  190  10:11  Spore Crawler  
  190  10:12  Drone x2  
  187  10:24  Zergling x20  
  187  10:26  Drone x2  
  189  10:43  Hydralisk, Zergling x2  
  189  10:44  Zergling x14  
  197  11:02  Adrenal Glands  
  197  11:03  Zerg Ground Armor Level 3, Zerg Melee Weapons Level 3  
  197  11:04  Ultralisk Cavern  
  194  11:10  Viper  
  197  11:12  Hatchery  
  197  11:14  Extractor  
  191  11:22  Drone x4  
  191  11:25  Drone x6  
  181  11:26  Drone  
  181  11:27  Zergling x34  
  197  11:36  Baneling x16  
  197  11:44  Zergling x16  
  195  11:50  Drone x4  
  195  11:52  Drone, Spine Crawler  
  197  12:07  Baneling x18  
  197  12:09  Chitinous Plating  
  174  12:17  Hydralisk x2  
  174  12:18  Zergling x14  
  174  12:22  Zergling x8  
  179  12:26  Zergling x8  
  183  12:33  Drone  
  183  12:34  Drone x3  
  183  12:35  Drone  
  184  12:39  Viper  
  184  12:41  Infestor  
  184  12:42  Infestor  
  190  12:50  Baneling  
  190  12:51  Baneling x4  
  186  12:52  Zergling x8  
  186  12:53  Zergling x18  
  199  13:11  Baneling x11  
  198  13:28  Anabolic Synthesis  
  194  13:43  Ultralisk  
  194  13:45  Hatchery  
  197  13:51  Hatchery, Unknown  
  197  13:53  Viper x2  
  198  13:59  Drone  
  198  14:02  Baneling x11  
  199  14:08  Zergling x8  
  200  14:14  Zergling x10  
  191  14:20  Zergling x26  
  197  14:29  Hydralisk x2, Zergling x2  
  199  14:35  Baneling x5  
  199  14:36  Baneling  
  196  14:43  Zergling x40  
  195  14:47  Overlord  
  195  14:48  Overlord  
  189  14:56  Baneling x5  
  189  14:57  Overlord, Baneling  
  189  14:58  Overlord  
  189  15:07  Burrow  
  189  15:09  Drone x2  
  189  15:11  Zerg Missile Weapons Level 1, Spire, Ultralisk  
  189  15:13  Drone  
  189  15:14  Drone  
  198  15:20  Zergling x42  
  198  15:21  Zergling x2  
  198  15:24  Zergling x4  
  198  15:26  Hatchery  
  195  15:34  Zergling x8  
  199  15:40  Overseer  
  199  15:41  Overseer x2  
  199  15:49  Baneling x18  
  199  15:56  Zergling x10, Baneling x6  
  197  16:06  Zergling x2  
  197  16:07  Zergling x4  
  197  16:08  Baneling x12  
  197  16:09  Baneling x2  
  199  16:19  Baneling  
  199  16:31  Ultralisk  
  200  16:35  Infestor  
  196  16:49  Zergling x2, Ultralisk  
  196  16:57  Greater Spire  
  196  17:02  Drone x2, Baneling x5  
  196  17:03  Drone x2  
  169  17:20  Ultralisk x3  
  169  17:22  Hydralisk x2  
  174  17:23  Zergling x42, Ultralisk  
  199  17:31  Hatchery  
  198  17:40  Drone  
  199  17:44  Hatchery  
  199  17:47  Baneling x7  
  199  17:48  Baneling x8  
  199  17:49  Baneling x7  
  195  17:59  Extractor x2  
  190  18:06  Zergling x18  
  198  18:22  Zergling x4  
  164  18:36  Ultralisk x4  
  186  18:42  Zergling x28  
  200  18:49  Overseer x2  
  199  18:57  Baneling x10  
  185  19:22  Corruptor  
  185  19:23  Corruptor x8  
  194  19:28  Hatchery  
  194  19:29  Corruptor  
  179  19:35  Baneling  
  179  19:36  Baneling x4  
  179  19:37  Corruptor  
  178  19:47  Corruptor x2  
  179  19:54  Zergling x4  
  181  20:03  Zergling x2  
  181  20:04  Zergling x6  
  183  20:07  Zergling x2  
  184  20:26  Zerg Flyer Weapons Level 1  
  184  20:33  Baneling x2  
  184  20:35  Hatchery  
  183  20:36  Drone  
  183  20:37  Drone x2  
  185  20:43  Zergling x6  
  185  20:44  Zergling x4  
  189  20:51  Baneling x2  
  189  20:52  Baneling x8  
  168  21:04  Zergling x2  
  168  21:05  Zergling x16  
  142  21:19  Zergling x24  
  142  21:22  Baneling x4  
  149  21:37  Brood Lord  
  149  21:38  Brood Lord x2  
  155  21:43  Hatchery  
  154  21:48  Zergling x10  
  148  22:12  Baneling x4  
  148  22:13  Baneling  
  148  22:18  Zergling x18  
  162  22:29  Brood Lord  
  159  22:33  Baneling x2  
  159  22:34  Baneling x2  
  159  22:36  Hatchery  
  158  22:38  Brood Lord  
  157  23:02  Corruptor  
  157  23:03  Corruptor  
  141  23:26  Corruptor x4  
  142  23:47  Brood Lord  
  144  23:48  Brood Lord  
  143  24:16  Corruptor x2  
  145  24:21  Overlord x2  
  145  24:24  Extractor x2  
  146  24:25  Baneling x4  
  146  24:26  Baneling x3  
  145  24:34  Brood Lord  
  147  24:41  Brood Lord x2  
  151  24:46  Baneling x5  
  151  24:59  Baneling x6  
  151  25:06  Zergling x16  
Show
View Real Time Build Order
Export as new Build Order

Bunny Terran 

Build Orders: Liberator Opening, Reaper Expand 

Get SALT Encoding   

  12  0:00  SCV  
  13  0:13  SCV  
  14  0:16  Supply Depot  
  14  0:25  SCV  
  15  0:38  SCV  
  15  0:39  Barracks  
  16  0:44  Refinery  
  16  0:50  SCV  
  17  1:02  SCV  
  18  1:14  SCV  
  19  1:26  Orbital Command  
  19  1:28  Reaper  
  20  1:38  Command Center  
  20  1:48  Supply Depot  
  20  1:52  SCV  
  21  2:00  Marine  
  22  2:04  SCV  
  22  2:06  Factory  
  23  2:10  Refinery  
  23  2:16  SCV  
  24  2:23  Barracks Reactor  
  24  2:28  SCV  
  25  2:40  SCV  
  26  2:49  Orbital Command  
  26  2:50  Starport  
  26  2:52  SCV  
  27  3:02  Hellion x2  
  27  3:04  SCV  
  32  3:10  Barracks Tech Lab  
  32  3:11  Supply Depot  
  32  3:14  SCV  
  32  3:16  SCV  
  32  3:19  Liberator  
  34  3:24  Hellion x2  
  34  3:26  SCV  
  39  3:28  SCV  
  40  3:38  SCV  
  40  3:40  SCV  
  45  3:42  Supply Depot  
  45  3:43  Marine  
  45  3:45  Hellion x2  
  50  3:51  SCV  
  50  3:53  SCV  
  52  4:03  SCV  
  52  4:05  SCV  
  52  4:07  Command Center  
  54  4:15  SCV  
  55  4:17  SCV  
  55  4:27  SCV  
  55  4:29  SCV  
  57  4:36  Supply Depot  
  57  4:37  Stimpack  
  57  4:39  SCV  
  57  4:40  Barracks  
  57  4:41  SCV, Barracks  
  57  4:43  Engineering Bay  
  57  4:44  Engineering Bay, Factory Reactor  
  57  4:45  Starport Reactor  
  59  4:47  Marine  
  60  4:54  SCV x2  
  62  5:05  Refinery x2  
  62  5:06  SCV x2  
  64  5:10  Marine  
  65  5:16  Barracks x2  
  65  5:19  SCV x2  
  65  5:20  Orbital Command  
  64  5:24  Terran Infantry Weapons Level 1, Terran Infantry Armor Level 1  
  64  5:28  Factory Tech Lab, Marine  
  64  5:29  Marine x2  
  64  5:31  Medivac x2  
  64  5:32  SCV x2  
  73  5:36  Supply Depot  
  73  5:37  Marine x2  
  75  5:46  Marine  
  75  5:47  Marine x2  
  78  5:50  Orbital Command  
  78  5:51  Siege Tank  
  78  5:53  SCV x2  
  78  5:55  Marine x2  
  85  6:00  Supply Depot  
  85  6:04  Marine, Barracks Reactor  
  85  6:05  Marine, SCV x2, Medivac, Barracks Reactor  
  85  6:06  Medivac  
  93  6:15  Supply Depot  
  93  6:17  Supply Depot  
  93  6:21  Marine  
  93  6:22  Marine x2, SCV x3  
  99  6:28  Armory  
  99  6:30  Refinery  
  99  6:34  SCV  
  99  6:35  SCV  
  99  6:36  Supply Depot  
  99  6:37  Siege Tank, SCV  
  105  6:42  Supply Depot  
  105  6:45  Combat Shield  
  105  6:51  Marine  
  105  6:54  Marine x5  
  104  7:00  SCV x3  
  105  7:08  Medivac  
  105  7:09  Marine x4, Medivac  
  105  7:11  Marine  
  105  7:12  Marine x2  
  105  7:15  Factory  
  118  7:17  Supply Depot  
  118  7:18  SCV x3  
  118  7:21  Marine x2  
  121  7:27  Terran Infantry Armor Level 2, Marine x3, Terran Infantry Weapons Level 2  
  124  7:30  SCV  
  124  7:35  Widow Mine  
  127  7:39  Marauder  
  127  7:40  Marine  
  127  7:41  Marine x4  
  132  7:45  Marine x2  
  132  7:47  SCV x3  
  134  7:53  Supply Depot  
  132  8:01  Marauder, Command Center  
  132  8:02  Medivac x2  
  132  8:03  Marine x2  
  132  8:04  Marine  
  141  8:08  Marine  
  141  8:10  Widow Mine  
  141  8:11  Factory Reactor  
  141  8:12  Concussive Shells, Drilling Claws  
  136  8:13  Supply Depot  
  132  8:22  Marauder  
  132  8:23  Marine x3  
  135  8:31  Widow Mine  
  135  8:32  Medivac x2  
  127  8:37  Marine  
  127  8:38  Marine  
  127  8:39  Barracks  
  127  8:40  Barracks  
  129  8:41  Barracks  
  129  8:44  Marine  
  129  8:45  Marine x4  
  134  8:53  Widow Mine  
  138  8:55  Marauder  
  138  8:57  Widow Mine x2  
  138  8:58  Marine x3  
  138  9:02  Marine  
  145  9:03  Marine x2  
  145  9:09  SCV x2  
  145  9:10  SCV  
  145  9:12  Medivac  
  145  9:13  Medivac  
  145  9:14  Widow Mine  
  151  9:18  Widow Mine x2  
  151  9:19  Marauder  
  151  9:20  Marine x5  
  151  9:23  Planetary Fortress  
  162  9:27  Barracks Tech Lab  
  162  9:28  Barracks Reactor, Barracks Tech Lab  
  162  9:35  Widow Mine  
  162  9:38  Supply Depot  
  163  9:40  Widow Mine, Marauder  
  163  9:41  Sensor Tower  
  163  9:42  Supply Depot, Medivac  
  163  9:43  Supply Depot, Medivac  
  153  9:48  Marauder x2, Marine x5  
  153  9:49  Marine  
  163  9:53  Marine  
  163  9:54  Marine  
  163  9:56  SCV x3  
  168  10:01  Widow Mine x2  
  168  10:02  Marauder  
  168  10:06  Marine x4  
  178  10:08  Unknown  
  178  10:09  Marauder x2  
  164  10:23  Marauder  
  164  10:25  Widow Mine x2  
  164  10:26  Medivac x2  
  164  10:27  Widow Mine, Marine x8  
  164  10:28  Marine  
  175  10:30  Marine, Marauder  
  175  10:31  Marauder  
  178  10:43  Terran Infantry Weapons Level 3  
  178  10:44  Marine x2  
  178  10:45  Marine x2, SCV  
  178  10:46  Refinery, SCV x2  
  178  10:49  Marine x5  
  190  10:51  Widow Mine x2  
  191  10:59  Marine  
  191  11:00  Marine x3, Unknown  
  191  11:01  Widow Mine  
  191  11:02  Marine x4  
  196  11:08  Marine  
  195  11:18  Widow Mine  
  195  11:19  Widow Mine, Marauder  
  195  11:21  Marine, Marauder  
  195  11:22  Marine x2  
  196  11:28  Terran Infantry Armor Level 3  
  196  11:34  Sensor Tower  
  196  11:36  Supply Depot  
  196  11:40  Marine  
  196  11:41  Marine x2  
  196  11:43  Widow Mine, Marine x4, Marauder, Medivac  
  195  11:54  Marine  
  195  11:58  Widow Mine x2  
  195  12:00  Marine, Medivac  
  200  12:01  Marine  
  200  12:02  Marauder x2  
  200  12:08  Marine, Command Center  
  198  12:09  Marine  
  183  12:15  Medivac  
  183  12:20  Widow Mine  
  174  12:25  Marauder x2  
  174  12:29  Marine  
  179  12:30  Marine x10, Medivac  
  179  12:34  Widow Mine x2  
  175  12:41  Widow Mine  
  177  12:45  Medivac  
  177  12:46  Marine  
  177  12:50  Marauder x2  
  182  12:54  Marine x9  
  182  12:55  Marine  
  182  12:56  Widow Mine  
  182  12:57  Widow Mine  
  196  13:00  Medivac  
  196  13:02  Starport, Widow Mine, Fusion Core  
  200  13:11  Marine  
  200  13:18  Marine  
  199  13:21  Marine, Command Center  
  200  13:33  Marauder x2  
  200  13:34  Marine x6  
  195  13:35  Marine  
  195  13:38  Marine, Medivac x2  
  195  13:39  Marine x3  
  199  13:42  Terran Vehicle And Ship Armor Level 1  
  199  13:43  Starport Tech Lab  
  199  13:46  Starport  
  199  13:51  Marine  
  200  13:58  Liberator x2  
  200  14:09  Marauder x2, Marine x5  
  199  14:10  Advanced Ballistics  
  199  14:11  Ghost Academy  
  199  14:13  Unknown x3  
  189  14:29  Liberator  
  182  14:41  Marine x5  
  182  14:42  Marine x6  
  182  14:43  Marauder x2  
  182  14:45  Widow Mine, Liberator x2  
  167  14:46  Widow Mine x2  
  164  14:59  Marine x5  
  169  15:00  Marine x6  
  169  15:04  Marine  
  182  15:12  Liberator  
  182  15:14  Sensor Tower  
  182  15:20  Marine, Marauder x2  
  157  15:22  Marine x2, Marauder  
  157  15:28  Liberator  
  161  15:31  Marine x3  
  161  15:32  Sensor Tower  
  161  15:35  Liberator  
  167  15:41  Marauder x2  
  169  15:48  Marine  
  168  15:52  Marine  
  168  15:53  Marine x6  
  168  15:54  Liberator  
  170  16:09  Planetary Fortress  
  170  16:10  Liberator  
  166  16:17  Liberator  
  171  16:18  Marine, Marauder x2  
  170  16:35  Marauder, Marine x4  
  176  16:40  Marauder x2  
  176  16:41  Liberator  
  176  16:42  Widow Mine x3  
  174  16:47  Marine x6  
  174  16:53  Marine  
  181  16:56  Liberator, Medivac  
  181  17:01  Marine  
  187  17:10  Marine x2  
  187  17:11  Marine  
  187  17:12  Marine x4  
  187  17:13  Marauder x2  
  165  17:18  Medivac  
  150  17:25  Marine x2  
  150  17:26  Medivac  
  150  17:28  Marine x4  
  160  17:30  Marauder, Marine x3  
  163  17:40  Marauder  
  163  17:41  Marauder, Marine, Liberator x2, Medivac  
  163  17:43  Marine  
  171  17:44  Marine  
  171  17:45  Marine  
  171  17:46  Marine x3  
  171  17:47  Marine  
  171  17:49  Marine x2  
  181  17:51  Marauder  
  178  17:59  Marine  
  178  18:04  Marauder x2, Marine  
  187  18:18  Liberator x2  
  179  18:27  Marine  
  179  18:28  Marine x4  
  169  18:39  Liberator  
  172  18:55  Orbital Command  
  172  19:08  Marine  
  172  19:11  Marine  
  172  19:12  Marine  
  172  19:14  Marine x2  
  172  19:16  Marauder  
  172  19:18  Marine x2  
  172  19:20  Marine x2  
  172  19:25  Marine  
  172  19:26  Marine  
  172  19:27  Marauder  
  172  19:28  Marauder  
  162  19:34  Marine  
  162  19:35  Marine x3  
  162  19:36  Marine x2  
  162  19:37  Marauder  
  170  19:42  Marine  
  170  19:43  Marine  
  172  19:56  Marine x2  
  172  19:59  SCV  
  172  20:02  SCV  
  172  20:03  Medivac  
  172  20:05  SCV  
  172  20:13  Liberator x2, SCV  
  170  20:26  SCV x2  
  172  20:31  SCV x2  
  172  20:34  Widow Mine x2  
  172  20:35  Widow Mine  
  179  20:39  Marauder  
  176  20:49  Marauder x2  
  180  20:51  Marine x3  
  180  20:55  Marine x2  
  179  21:00  Marauder  
  164  21:10  Marine  
  164  21:11  Marauder x2, Marine x4  
  158  21:12  Medivac  
  161  21:21  Marauder  
  161  21:22  Widow Mine x2  
  161  21:23  Medivac  
  169  21:32  Marauder  
  169  21:35  Marine  
  169  21:36  Marine x3  
  169  21:39  Liberator  
  173  21:41  Marine x3  
  176  21:53  Missile Turret  
  173  22:02  Marine x7  
  180  22:14  Marine  
  165  22:48  Marine x2  
  165  22:51  Viking  
  165  22:53  Marine x2  
  165  22:59  Orbital Command  
  165  23:06  Unknown  
  165  23:07  Unknown x7  
  165  23:18  Widow Mine, Refinery  
  165  23:19  Widow Mine  
  164  23:23  Orbital Command  
  164  23:25  Medivac  
  164  23:32  Viking  
  154  23:37  Orbital Command  
  148  24:34  Viking  
  150  24:43  Viking  
Tags
 
Add a new tag
Caveats
  • Supply blocks, unpowered buildings, or Contaminate may cause inaccurate times.
  • Supply counts are checked every 10 seconds.